 Dungeon Crawl Stone Soup version 0.31-a0-1469-gd420192249 (webtiles) character file.

Game seed: 8059753515601274699

3714 grandjackal the Fighter (level 9, 0/112 HPs)
             Began as a Demonspawn Gladiator on Dec 29, 2023.
             Was a Follower of Kikubaaqudgha.
             Slain by a boulder beetle (4 damage)
             ... on level 8 of the Dungeon.
             The game lasted 00:10:19 (7785 turns).

grandjackal the Fighter (Demonspawn Gladiator)      Turns: 7785, Time: 00:10:20

Health: 0/112      AC:  9    Str: 18    XL:     9   Next: 91%
Magic:  9/9        EV: 15    Int: 14    God:    Kikubaaqudgha [*.....]
Gold:   378        SH:  5    Dex: 14    Spells: 3/8 levels left

rFire   . . .        a - +1 war axe
rCold   + . .        s - orb "Uqibeon" {*Rage, rCorr}
rNeg    + . .        v - +0 scale mail
rPois   +            (helmet restricted)
rElec   .            x - +2 cloak {rPois}
rCorr   +            (no gloves)
SInv    .            (no boots)
Will    .....        n - amulet of reflection Stlth
                     t - ring of positive energy
HPRegen 0.38/turn    z - ring of protection from cold
MPRegen 0.11/turn

%: random rage (20%), reflection
@: mighty, agile, berserking, invisible, very quick
A: horns 2, powered by pain 1, big brain 2, demonic magic 1
a: Renounce Religion, Unearth Wretches


You were on level 8 of the Dungeon.
You worshipped Kikubaaqudgha.
Kikubaaqudgha was aware of your devotion.
You visited 1 branch of the dungeon, and saw 8 of its levels.

You collected 378 gold pieces.

Inventory:

Hand Weapons
 a - a +1 war axe (weapon)
 y - a +1 mace of draining
Missiles
 b - 4 curare-tipped darts
 d - 2 throwing nets (quivered)
 e - a javelin
Armour
 s - the orb "Uqibeon" (worn) {*Rage, rCorr}
   (You found it on level 8 of the Dungeon)

   rCorr:     It protects you from acid and corrosion.
 v - a +0 scale mail (worn)
 x - a +2 cloak of poison resistance (worn)
Jewellery
 l - an amulet of the acrobat
 n - an amulet of reflection (around neck)
 t - a ring of positive energy (left hand)
 z - a ring of protection from cold (right hand)
 A - a ring of flight
 C - a ring of positive energy
 G - a ring of positive energy
Wands
 w - a wand of iceblast (26)
 B - a wand of paralysis (9)
Scrolls
 c - a scroll of identify
 h - a scroll of immolation
 i - a scroll of fear
 j - 7 scrolls of teleportation
 k - a scroll of enchant armour
 p - a scroll of blinking
 q - 2 scrolls of revelation
 r - 2 scrolls of enchant weapon
 u - 2 scrolls of brand weapon
 E - 2 scrolls of torment
Potions
 f - a potion of heal wounds
 g - 2 potions of mutation {unknown}
 m - a potion of magic
Miscellaneous
 o - a box of beasts


   Skills:
 + Level 8.9 Fighting
 + Level 8.3 Axes
 - Level 2.0 Throwing
 - Level 3.0 Dodging
 + Level 7.9 Necromancy


You had 3 spell levels left.
You knew the following spells:

 Your Spells              Type           Power      Damage    Failure   Level
a - Necrotise             Necr           88%        1d8       3%          1
b - Kiss of Death         Conj/Necr      44%        2d8       21%         1
c - Fugue of the Fallen   Necr           22%        N/A       12%         3

Your spell library contained the following spells:

 Spells                   Type           Power      Damage    Failure   Level
 Cigotuvi's Dreadful Rot  Necr/Alch/Air  14%        N/A       45%         2
 Mercury Vapours          Alch/Air       0%         N/A       83%         2
 Dazzling Flash           Conj/Hex       0%         N/A       96%         3
 Gell's Gravitas          Tloc           0%         N/A       96%         3
 Mephitic Cloud           Conj/Alch/Air  0%         N/A       96%         3
 Teleport Other           Tloc           0%         N/A       96%         3
 Curse of Agony           Necr           22%        N/A       71%         5
 Ignite Poison            Fire/Alch      0%         N/A       100%        4
 Freezing Cloud           Conj/Ice/Air   0%         6-21      100%        5
 Silence                  Hex/Air        0%         N/A       100%        5
 Dispersal                Tloc           0%         N/A       100%        6


Dungeon Overview and Level Annotations

Branches:
Dungeon (8/15)             Temple (0/1) D:5
   Lair: D:8-11

Altars:
Dithmenos
Hepliaklqana
Kikubaaqudgha
Sif Muna
Yredelemnul


Innate Abilities, Weirdness & Mutations

You have a pair of horns on your head.
You sometimes gain a little power by taking damage.
You have an extremely huge brain. (Int +4)
Spells you cast may paralyse adjacent enemies.


Message History

Unknown command.
You are too injured to fight recklessly!
Unknown command.
You are too injured to fight recklessly!
Unknown command.
You catch the helpless cyclops completely off-guard!
You hit the cyclops. Your headbutt misses the cyclops.
The cyclops is moderately wounded.
You hit the boulder beetle but do no damage.
The centaur wields a +0 orcbow.
The centaur shoots an arrow.
The arrow closely misses the bullfrog.
The arrow hits you!
* * * LOW HITPOINT WARNING * * *
Unknown command.
You strike the helpless boulder beetle from behind!
You hit the boulder beetle but do no damage.
You headbutt the boulder beetle, but do no damage.
You catch the helpless cyclops completely off-guard!
You hit the cyclops.
You catch the helpless bullfrog completely off-guard!
You hit the bullfrog.
You kill the bullfrog!
Kikubaaqudgha accepts your kill.
The centaur shoots an arrow.
The arrow misses you. The cyclops hits you!
* * * LOW HITPOINT WARNING * * *
Unknown command.
You hit the boulder beetle.
The boulder beetle is lightly wounded.
You hit the cyclops but do no damage.
An orc comes into view.
It is wielding a +0 dagger of holy wrath.
The boulder beetle bites you!!
* * * LOW HITPOINT WARNING * * *
Unknown command.
Unknown command.
You slash the boulder beetle! You headbutt the boulder beetle!
The boulder beetle is moderately wounded.
You slash the cyclops!
The orc shouts!
The boulder beetle bites you.
You die...
Kikubaaqudgha rasps: "You have failed me!
Welcome... death!" #..#..### ♣[.?♣ #..##..## .~~~. #..###..# #~~~# #..####.. ~~~ #........ cl[

#.##.....
######.########.##.....
♣...Co.B......#........
♣@♣ ♣..♣ ..#..... ♣.♣
♣..♣ #..#..... ♣.♣♣..♣
#.#....#. ♣♣.♣..♣
.####.#.
#####..)#######........
........................
#########......##.......
##....## #.... #....#
#....


You could see a boulder beetle (unable to see you), a cyclops (unable to see
you), a basilisk (unable to see you), a centaur (unable to see you) and an orc
(unable to see you).

Vanquished Creatures
  A two-headed ogre (D:8)
  Pikel (D:5)
  Maurice (D:7)
  A slime creature (D:8)
  A wyvern (D:8)
  3 water moccasins
  An orc warrior (D:7)
  2 black bears
  An ogre (D:7)
  A centaur (D:7)
  2 phantoms
  4 bullfrogs
  A kobold brigand (D:7)
  2 scorpions
  3 wights (D:8)
  3 bombardier beetles
  3 hounds
  2 orc priests
  2 jellies (D:7)
  An iguana (D:4)
  An orc wizard (D:5)
  Terence (D:3)
  An adder (D:3)
  6 gnolls
  A shadow imp (D:8)
  A white imp (D:7)
  4 ufetubi (D:5)
  2 worms
  3 dart slugs
  10 orcs
  3 ball pythons
  6 endoplasms
  5 giant cockroaches
  5 goblins
  8 hobgoblins
  A jackal (D:1)
  14 kobolds
  4 quokkas
  4 bats
  6 frilled lizards
  6 rats
128 creatures vanquished.

Notes
Turn   | Place    | Note
-------+----------+-------------------------------------------
     0 | D:1      | grandjackal the Demonspawn Gladiator began the quest for
                  | the Orb.
     0 | D:1      | Reached XP level 1. HP: 16/16 MP: 1/1
   287 | D:1      | Gained mutation: You have an unusually large brain. (Int
                  | +2) [demonic ancestry]
   287 | D:1      | Reached XP level 2. HP: 18/22 MP: 2/2
   810 | D:2      | Gained mutation: You have a pair of small horns on your
                  | head. [demonic ancestry]
   810 | D:2      | Reached XP level 3. HP: 28/28 MP: 3/3
  1311 | D:2      | You fall into a shaft and drop 2 floors!
  1414 | D:4      | Gained mutation: Spells you cast may paralyse adjacent
                  | enemies. [demonic ancestry]
  1414 | D:4      | Reached XP level 4. HP: 30/35 MP: 4/4
  1494 | D:4      | Noticed a black bear
  1502 | D:4      | Killed a black bear
  1503 | D:4      | Reached XP level 5. HP: 25/42 MP: 5/5
  2021 | D:3      | Noticed a phantom
  2037 | D:3      | Killed a phantom
  2390 | D:3      | Gained mutation: You sometimes gain a little power by
                  | taking damage. [demonic ancestry]
  2390 | D:3      | Reached XP level 6. HP: 49/49 MP: 6/6
  2569 | D:3      | Found a shimmering blue altar of Sif Muna.
  2569 | D:3      | Noticed Terence
  2578 | D:3      | Killed Terence
  2643 | D:3      | Found an ancient bone altar of Kikubaaqudgha.
  2648 | D:3      | Became a worshipper of Kikubaaqudgha
  3131 | D:4      | Reached skill level 1 in Necromancy
  3464 | D:5      | Entered Level 5 of the Dungeon
  3615 | D:5      | Noticed Pikel
  3635 | D:5      | Killed Pikel
  3636 | D:5      | Reached skill level 5 in Fighting
  3636 | D:5      | Reached skill level 5 in Axes
  3636 | D:5      | Gained mutation: You have a pair of horns on your head.
                  | [demonic ancestry]
  3636 | D:5      | Reached XP level 7. HP: 31/57 MP: 7/7
  3993 | D:5      | Gained mutation: You have an extremely huge brain. (Int +4)
                  | [demonic ancestry]
  3993 | D:5      | Reached XP level 8. HP: 29/64 MP: 8/8
  4237 | D:5      | Found a staircase to the Ecumenical Temple.
  5047 | D:6      | Found a basalt altar of Yredelemnul.
  5071 | D:6      | Reached skill level 5 in Necromancy
  6044 | D:7      | Noticed Maurice
  6058 | D:7      | Maurice stole a ring of flight
  6061 | D:7      | Killed Maurice
  6062 | D:7      | Reached XP level 9. HP: 62/72 MP: 2/9
  6336 | D:7      | Reached * piety under Kikubaaqudgha
  6336 | D:7      | Received a gift from Kikubaaqudgha
  6347 | D:7      | Learned a level 1 spell: Necrotise
  6349 | D:7      | Learned a level 1 spell: Kiss of Death
  6353 | D:7      | Learned a level 3 spell: Fugue of the Fallen
  7113 | D:7      | Found a hazy altar of Hepliaklqana.
  7523 | D:8      | Identified the orb "Uqibeon" {*Rage, rCorr}
  7556 | D:8      | Found a shadowy altar of Dithmenos.
  7581 | D:8      | Noticed a two-headed ogre
  7591 | D:8      | Killed a two-headed ogre
  7772 | D:8      | Noticed a cyclops
  7774 | D:8      | Noticed a boulder beetle
  7784 | D:8      | HP: 3/112 [boulder beetle (18)]
  7785 | D:8      | Slain by a boulder beetle

Illustrated notes

Levels and vault maps discovered:
D:1:      elethiomel_arrival_fortress_basement, layout_basic,
          minmay_misc_feat_four_crosses, minmay_tromino_mix6
D:2:      layout_loops_ring, grunt_decor_junction
D:3:      layout_loops_cross, tso_metal_star, mainiacjoe_overflow_two_lobes,
          minmay_checkerbox, uniq_terence
D:4:      layout_gridville
D:5:      layout_basic, minmay_temple_entry_glassed_door, uniq_pikel
D:6:      layout_basic, yredelemnul_altar_generic, dreamdust_gnoll_farm
D:7:      layout_basic, nicolae_hepliaklqana_hippocampus,
          minmay_strange_pillars, uniq_maurice
D:8:      nzn_winding_woodlands_small [nzn_winding_woodlands_5x15_pockets,
          nzn_winding_woodlands_center_triple_pond,
          nzn_winding_woodlands_5x15_cabin], layout_basic, old_standard_altar

Skill      XL: |  1  2  3  4  5  6  7  8  9 |
---------------+----------------------------+-----
Throwing       | 2 |  2.0
Axes           | 3 4 5 7 8 |  8.3
Dodging        | 3 |  3.0
Fighting       | 3 4 5 6 7 8 |  8.9
Necromancy     | 3 4 6 7 |  7.9

Action                     |  1- 3 |  4- 6 |  7- 9 || total
---------------------------+-------+-------+-------++-------
  Melee: War axe           |   102 |    99 |   211 ||   412
         Headbutt          |     7 |    15 |    42 ||    64
         Mace              |       |    15 |       ||    15
         Punch             |       |     3 |     3 ||     6
  Throw: Throwing net      |       |       |     1 ||     1
   Cast: Necrotise         |       |       |     4 ||     4
  Evoke: Wand              |       |       |     2 ||     2
    Use: Potion            |       |     2 |     1 ||     3
         Scroll            |       |       |    16 ||    16
   Stab: Sleeping          |     1 |       |       ||     1
         Paralysed         |       |       |    11 ||    11
         Invisible         |       |       |     4 ||     4
         Held in net/web   |       |       |     1 ||     1
 Armour: Leather armour    |    60 |       |       ||    60
         Ring mail         |     2 |    29 |       ||    31
         Scale mail        |       |    34 |   167 ||   201
  Dodge: Dodged            |    86 |    67 |   114 ||   267
  Block: Other             |     2 |    21 |    42 ||    65

Table legend: (Time is in decaauts)
 A = Elapsed time spent in this place.
 B = Non-inter-level travel time spent in this place.
 C = Inter-level travel time spent in this place.
 D = Time resting spent in this place.
 E = Time spent auto-exploring this place.
 F = Levels seen in this place.
 G = Mean time per level.
                   A        B        C        D        E       F      G
               +--------+--------+--------+--------+--------+-----+--------+
         Total |   7863 |   7466 |    397 |   1658 |   4242 |   8 |  982.9 |
       Dungeon |   7863 |   7466 |    397 |   1658 |   4242 |   8 |  982.9 |
               +--------+--------+--------+--------+--------+-----+--------+

Top non-repeatable levels by time:
     D:5: 1466 daAuts
     D:7: 1309 daAuts
     D:6: 1141 daAuts
     D:4: 1050 daAuts
     D:3: 882 daAuts
     D:1: 826 daAuts
     D:2: 764 daAuts
     D:8: 423 daAuts
